 Dungeon Crawl Stone Soup version 0.20-b1-24-gb21faa7 (webtiles) character file.

242 SedStubbie the Skirmisher (level 6, 0/76 HPs)
             Began as a Barachi Berserker on May 25, 2017.
             Was a Priest of Trog.
             Slain by a gnoll
             ... wielding a +2 halberd of venom
              (8 damage)
             ... on level 3 of the Dungeon.
             The game lasted 00:06:47 (2879 turns).

SedStubbie the Skirmisher (Barachi Berserker)       Turns: 2879, Time: 00:06:47

Health: 0/76       AC:  7    Str: 25    XL:     6   Next: 9%
Magic:  0/6        EV: 11    Int: 12    God:    Trog [***...]
Gold:   139        SH:  0    Dex: 12    Spells: 5/5 levels left

rFire    . . .     SeeInvis .   a - +0 hand axe
rCold    . . .     Gourm    .   (no shield)
rNeg     . . .     Faith    .   d - +0 scale mail
rPois    .         Spirit   +   (no helmet)
rElec    .         Reflect  .   g - scarf {Spirit}
rCorr    .         Harm     .   (no gloves)
MR       .....                  (no boots)
Stlth    ..........             (no amulet)
Regen    0.3/turn               (no ring)
MPRegen  0.1/turn               (no ring)

@: brilliant, berserking, lethally poisoned (0 -> -17), quick
A: +LOS, swims, slowness 1, strong legs 1
a: Hop, Berserk, Trog's Hand, Burn Spellbooks, Renounce Religion


You were on level 3 of the Dungeon.
You worshipped Trog.
Trog was most pleased with you.
You were hungry.

You visited 1 branch of the dungeon, and saw 3 of its levels.

You collected 139 gold pieces.

Inventory:

Hand Weapons
 a - a +0 hand axe (weapon)
Armour
 d - a +0 scale mail (worn)
 g - a scarf of spirit shield (worn)
Wands
 o - a wand of iceblast (7/15)
 q - a wand of random effects (37/48)
Scrolls
 b - a scroll of blinking {unknown}
 e - a scroll of recharging {unknown}
 f - a scroll of magic mapping {unknown}
 h - a scroll of teleportation {unknown}
 j - a scroll of identify {unknown}
 k - a scroll of enchant weapon {unknown}
 n - a scroll of fear {unknown}
Comestibles
 c - 4 bread rations
 l - a meat ration
 m - 2 royal jellies


   Skills:
 + Level 5.5 Fighting
 + Level 4.7 Axes
 + Level 4.7 Armour
 - Level 2.4 Dodging


You had 5 spell levels left.
You didn't know any spells.

Dungeon Overview and Level Annotations

Branches:
Dungeon (3/15)

Altars:


Innate Abilities, Weirdness & Mutations

Shadows flee at your approach. (+LOS)
You can swim through water.
You cover ground slowly.
You can hop short distances.


Message History

You feel clever all of a sudden.
* * * LOW HITPOINT WARNING * * *
You feel sick. The gnoll barely misses you. The gnoll closely misses you.
It was a potion of berserk rage.
A red film seems to cover your vision as you go berserk!
You feel yourself moving faster!
You feel mighty!
You feel sick. The gnoll hits you but does no damage.
The gnoll hits you from afar with a halberd of venom.
* * * LOW HITPOINT WARNING * * *
You are lethally poisoned!
You barely miss the gnoll.
The gnoll is heavily wounded.
* * * LOW HITPOINT WARNING * * *
You feel sick. The gnoll barely misses you.
You hit the gnoll.
The gnoll is almost dead.
* * * LOW HITPOINT WARNING * * *
You feel sick.
The gnoll hits you from afar with a halberd of venom!
You die...

#.......#............
######.......###.##..####.
..........................
≈≈≈≈≈≈....≈≈≈≈≈≈≈≈≈≈≈≈≈≈≈≈
≈≈≈≈≈≈....≈≈≈≈≈≈≈≈≈≈≈≈≈≈≈≈
≈≈≈≈≈≈....≈≈≈≈≈≈≈≈≈≈≈≈####
......................#gg
######''''########### #..
#..)@#.......# #+#
#...g#.......#
+...)g...).).# .
############'# #


You could see 2 gnolls.

Vanquished Creatures
  A bullfrog skeleton (D:3)
  A gnoll shaman (D:3)
  3 adders
  6 gnolls (D:3)
  4 worms (D:2)
  A dart slug (D:2)
  3 leopard geckos (D:2)
  2 orcs (D:2)
  13 bats
  A giant cockroach (D:2)
  11 goblins
  10 hobgoblins
  4 jackals (D:3)
  6 kobolds
  3 ball pythons
  4 frilled lizards
  10 rats
83 creatures vanquished.

Notes
Turn   | Place    | Note
-------+----------+-------------------------------------------
     0 | D:1      | SedStubbie the Barachi Berserker began the quest for the Orb.
     0 | D:1      | Reached XP level 1. HP: 18/18 MP: 1/1
    84 | D:1      | Reached XP level 2. HP: 20/25 MP: 2/2
   278 | D:1      | Reached skill level 4 in Fighting
   533 | D:2      | Reached XP level 3. HP: 30/30 MP: 3/3
   809 | D:2      | Reached ** piety under Trog
  1110 | D:2      | Reached XP level 4. HP: 32/37 MP: 2/4
  1215 | D:2      | You fall through a shaft!
  2485 | D:3      | Reached XP level 5. HP: 42/43 MP: 5/5
  2596 | D:3      | Reached *** piety under Trog
  2599 | D:3      | Reached skill level 5 in Fighting
  2817 | D:3      | Reached XP level 6. HP: 36/51 MP: 3/6
  2879 | D:3      | Slain by a gnoll

Skill      XL: |  1  2  3  4  5 |
---------------+----------------+-----
Armour         | 3 4 |  4.7
Fighting       | 4 5 |  5.5
Axes           | 4 |  4.7
Dodging        | |  2.4

Action                   |  1- 3 |  4- 6 || total
-------------------------+-------+-------++-------
Melee: Hand axe          |   117 |   176 ||   293
Invok: Berserk           |       |     1 ||     1
  Use: Potion            |       |     3 ||     3
  Eat: Chunk             |     1 |     5 ||     6
       Royal jelly       |       |     1 ||     1
Armor: Animal skin       |     9 |       ||     9
       Scale mail        |    62 |    64 ||   126
Dodge: Dodged            |    78 |   112 ||   190
